 Dungeon Crawl Stone Soup version 0.18-a0-1468-gaf180a1 (console) character file.

740 Liam the Magician (level 7, 0/36 HPs)
             Began as a Deep Elf Conjurer on Mar 1, 2016.
             Killed by divine providence
             ... invoked by an orc priest
              (10 damage)
             ... on level 5 of the Dungeon.
             The game lasted 00:07:43 (4928 turns).

Liam the Magician (Deep Elf Conjurer)               Turns: 4928, Time: 00:07:43

Health: 0/36       AC:  5    Str:  5    XL:     7   Next: 46%
Magic:  7/20       EV: 13    Int: 22    God:
Gold:   196        SH:  0    Dex: 15    Spells: 3 memorised, 11 levels left

rFire  . . .     SeeInvis .     r - +1 dagger (flame)
rCold  . . .     Gourm    .     a - +0 robe
rNeg   . . .     Faith    .     (no shield)
rPois  .         Spirit   .     (no helmet)
rElec  .         Dismiss  .     D - +2 cloak
rCorr  .         Reflect  .     (no gloves)
SustAt .         Harm     .     (no boots)
MR     .....                    (no amulet)
Stlth  ++........               (no ring)
                                (no ring)

@: not resistant to hostile enchantments, unstealthy
A: no striking features
a: no special abilities


You were on level 5 of the Dungeon.
You were near starving.

You visited 2 branches of the dungeon, and saw 6 of its levels.

You collected 196 gold pieces.

Inventory:

Hand Weapons
 q - a +1 short sword of holy wrath
 r - a +1 dagger of flaming (weapon)
Armour
 a - a +0 robe (worn)
 D - a +2 cloak (worn)
Jewellery
 e - an uncursed ring of ice
Wands
 u - a wand of random effects (35/48)
Scrolls
 d - 8 scrolls of remove curse {unknown}
 f - a scroll of recharging {unknown}
 h - a scroll of fog {unknown}
 i - 2 scrolls of identify {unknown}
 l - 2 scrolls of enchant weapon {unknown}
 t - a scroll of noise {unknown}
 w - a scroll of blinking {unknown}
 y - a scroll of teleportation {unknown}
 C - a scroll of enchant armour {unknown}
 F - a scroll of amnesia {unknown}
Potions
 g - a potion of resistance {unknown}
 j - a potion of degeneration {unknown}
 k - 3 potions of curing
 m - 2 potions of haste {unknown}
 n - a potion of lignification {unknown}
 p - 2 potions of cancellation {unknown}
 v - a potion of brilliance {unknown}
 z - a potion of beneficial mutation {unknown}
 A - a potion of heal wounds {unknown}
Books
 b - a book of Conjurations

   Spells                             Type                      Level
   a - Magic Dart                     Conjuration                  1
   b - Searing Ray                    Conjuration                  2
   c - Dazzling Spray                 Conjuration/Hexes            3
   d - Fulminant Prism                Conjuration/Hexes            4
   e - Iskenderun's Mystic Blast      Conjuration                  4
   f - Iskenderun's Battlesphere      Conjuration/Charms           5
 s - a book of Power

   Spells                             Type                      Level
   a - Fulminant Prism                Conjuration/Hexes            4
   b - Iskenderun's Mystic Blast      Conjuration                  4
   c - Venom Bolt                     Conjuration/Poison           5
   d - Bolt of Magma                  Conjuration/Fire/Earth       5
   e - Iron Shot                      Conjuration/Earth            6
   f - Orb of Destruction             Conjuration                  7
   g - Spellforged Servitor           Conjuration/Summoning        7
Comestibles
 c - 3 bread rations
 o - 3 meat rations
 B - a royal jelly
 E - a slice of pizza


   Skills:
 - Level 2.4 Dodging
 - Level 2.4 Stealth
 + Level 7.7 Spellcasting
 + Level 7.5 Conjurations
 + Level 3.6 Charms


You had 11 spell levels left.
You knew the following spells:

 Your Spells              Type           Power        Failure   Level  Hunger
a - Magic Dart            Conj           ####         1%          1    None
p - Iskenderun's Battles  Conj/Chrm      ####....     21%         5    #####..
x - Iskenderun's Mystic   Conj           #####...     3%          4    ###....


Dungeon Overview and Level Annotations

Branches:
Dungeon (5/15)             Temple (1/1) D:4

Altars:
Elyvilon
Kikubaaqudgha
Makhleb
Nemelex Xobeh
Okawaru
Pakellas
Qazlal
Ru
Sif Muna
Trog
Xom
Yredelemnul
Zin
The Shining One

Annotations:
D:1 Terence


Message History

The orc wizard hits you with a dagger.
The orc priest casts a cantrip, but nothing happens.
The orc wizard casts a spell at you. The puff of flame hits you!
The orc wizard casts a spell at you. The puff of flame hits you!
The orc wizard gestures at you while chanting.
The magic dart hits you!
You found an alarm trap!
The orc wizard casts a spell.
The orc wizard flickers and vanishes!
Deactivating autopickup; reactivate with Ctrl-A.
The orc wizard points at you and mumbles some strange words.
The puff of frost hits you! The orc wizard casts a spell at you.
The magic dart hits you!
* * * LOW HITPOINT WARNING * * *
The orc priest invokes the aid of Beogh against you.
Beogh smites you!
You die...

##.........##..
.#.######..##.#
.#.#....#..##.# # .#.#
#........# .#
##.#.#####....#####.
......).....(.....
#.#.#...#.##.....#
..#.###.#o######.#.###
........o...o..@.....+
.####..#####^##.#.###
#$.# #.# .# #..# #.#
.. #.o# #.. ... ..o#
### .... ###o# .....
... ...... ...


You could see an orc priest, an orc wizard and an orc.

Vanquished Creatures
  The ghost of Bubs the Poker, an amateur MfSk of Qazlal (D:4)
  A water moccasin skeleton (D:3)
  2 scorpions
  A howler monkey (D:4)
  A hound (D:4)
  2 orc priests (D:4)
  A giant frog skeleton (D:4)
  Jessica (D:2)
  An iguana (D:4)
  3 orc wizards
  2 worker ants (D:4)
  3 gnolls (D:2)
  4 adders (D:2)
  2 worms
  A dart slug (D:1)
  5 giant geckos
  17 orcs
  2 giant cockroaches (D:4)
  5 goblins
  7 hobgoblins
  8 jackals
  10 kobolds
  4 quokkas
  7 bats
  A giant gecko skeleton (D:4)
  5 giant newts
  8 rats
105 creatures vanquished.

Vanquished Creatures (others)
  A giant newt (D:3)
  A kobold (D:2)
2 creatures vanquished.

Grand Total: 107 creatures vanquished

Notes
Turn   | Place    | Note
--------------------------------------------------------------
     0 | D:1      | Liam the Deep Elf Conjurer began the quest for the Orb.
     0 | D:1      | Reached XP level 1. HP: 10/10 MP: 6/6
   292 | D:1      | Reached XP level 2. HP: 15/15 MP: 5/8
   864 | D:2      | Reached XP level 3. HP: 19/19 MP: 5/10
   869 | D:2      | Reached skill level 5 in Conjurations
   980 | D:2      | Noticed Terence
  1576 | D:2      | Noticed Jessica
  1580 | D:2      | Killed Jessica
  1580 | D:2      | Reached XP level 4. HP: 24/24 MP: 7/12
  1650 | D:2      | Reached skill level 5 in Spellcasting
  1776 | D:2      | Found a white marble altar of Elyvilon.
  1887 | D:2      | Reached XP level 5. HP: 23/28 MP: 5/15
  2062 | D:2      | Found an iron altar of Okawaru.
  2217 | D:3      | Found a glowing golden altar of the Shining One.
  2657 | D:3      | Found a glowing silver altar of Zin.
  2740 | D:3      | Found a basalt altar of Yredelemnul.
  2830 | D:3      | Noticed an angel
  2955 | D:4      | Found a staircase to the Ecumenical Temple.
  2976 | D:4      | Reached XP level 6. HP: 19/32 MP: 3/17
  3000 | Temple   | Entered the Ecumenical Temple
  3824 | D:3      | Learned a level 4 spell: Iskenderun's Mystic Blast
  3830 | D:3      | Learned a level 5 spell: Iskenderun's Battlesphere
  3925 | D:4      | Found a stormy altar of Qazlal.
  3926 | D:4      | Noticed Bubs's ghost (amateur MfSk)
  3931 | D:4      | Killed Bubs's ghost
  3931 | D:4      | Reached skill level 1 in Charms
  4070 | D:4      | Reached XP level 7. HP: 36/36 MP: 10/19
  4772 | D:5      | Entered Level 5 of the Dungeon
  4928 | D:5      | Killed from afar by an orc priest

Vault maps used:
D:1:      lightli_arrival_noodles, minmay_misc_feat_diagonals
D:2:      elyvilon_altar_4, okawaru_altar_gauntlet_db,
          wad_floor_pattern_untrapped, uniq_terence, uniq_jessica
D:3:      grunt_temple_overflow_holy_war, lemuel_coloured_pillars_altar,
          minmay_splitting_lines
D:4:      nicolae_qazlal_general_emergency, minmay_temple_entry_statues_pillars,
          first_bread
D:5:      black_bear_nest_2, overflow_temple_1_default, grunt_ministairs_8,
          uniq_edmund
Temple:   circular_temple_pool_8

Skill      XL: |  1  2  3  4  5  6  7 |
---------------+----------------------+-----
Spellcasting   | 4 5 6 7 |  7.7
Conjurations   | 5 6 7 |  7.5
Charms         | 2 3 |  3.6
Dodging        | |  2.4
Stealth        | |  2.4

Action                   |  1- 3 |  4- 6 |  7- 9 || total
-------------------------+-------+-------+-------++-------
Melee: Dagger            |       |     3 |     3 ||     6
 Cast: Magic Dart        |    95 |   133 |    75 ||   303
       Iskenderun's Myst |       |     6 |     8 ||    14
  Eat: Chunk             |     2 |     8 |       ||    10
       Fruit             |       |       |     2 ||     2
